 Dungeon Crawl Stone Soup version 0.23.2 (webtiles) character file.

Game seed: 17496488562999775101

112638 Illumine the Blocker (level 16, -4/143 HPs)
             Began as a Minotaur Fighter on Oct 10, 2019.
             Was the Champion of Makhleb.
             Slain by a black mamba (10 damage)
             ... on level 4 of the Snake Pit.
             The game lasted 00:45:23 (21844 turns).

Illumine the Blocker (Minotaur Fighter)            Turns: 21844, Time: 00:45:24

Health: -4/143     AC: 21    Str: 28    XL:     16   Next: 12%
Magic:  14/24      EV: 13    Int:  5    God:    Makhleb [******]
Gold:   671        SH:  0    Dex: 17    Spells: 15/15 levels left

rFire    + . .     SeeInvis .   o - +8 morningstar of Woluige {crush, rPois}
rCold    + . .     Gourm    .   u - +3 shield of Himoak {rElec rC+ Dex+4 Slay+2}
rNeg     . . .     Faith    .   W - +1 shadow dragon scales "Wufru" {rElec rCorr Dex+3 Stlth++++}
rPois    +         Spirit   .   (helmet restricted)
rElec    +         Reflect  .   (no cloak)
rCorr    +         Harm     .   L - +3 pair of gauntlets of War {Slay+5}
MR       +....                  (no boots)
Stlth    ++........             (no amulet)
HPRegen  0.33/turn              j - ring of protection from fire
MPRegen  0.19/turn              T - ring of resist corrosion

@: confused, very slightly contaminated, constricted
A: retaliatory headbutt, horns 2
a: Minor Destruction, Lesser Servant of Makhleb, Major Destruction, Greater
Servant of Makhleb, Renounce Religion


You were on level 4 of the Snake Pit.
You worshipped Makhleb.
Makhleb was exalted by your worship.
You were not hungry.

You visited 6 branches of the dungeon, and saw 27 of its levels.
You visited the Abyss 1 time.
You also visited: Bailey and Ice Cave.

You collected 2447 gold pieces.
You spent 1776 gold pieces at shops.

Inventory:

Hand Weapons
 o - the +8 morningstar of Woluige (weapon) {crush, rPois}
   (You bought it in a shop on level 6 of the Dungeon)

   It inflicts extra damage upon your enemies.
   It protects you from poison.
 D - a cursed +5 war axe of freezing
 F - a +2 broad axe
 I - the +3 hunting sling of Psychosis {flame, Int+3, unknown}
   (You found it on level 1 of the Orcish Mines)

   It causes projectiles fired from it to burn those they strike, causing extra
   injury to most foes and up to half again as much damage against particularly
   susceptible opponents.
   It affects your intelligence (+3).
 S - the +11 trident "Qewiusm" {pierce, *Slow rPois MR+, unknown}
   (You found it on level 1 of the Orcish Mines)

   It inflicts extra damage upon your enemies.
   It protects you from poison.
   It affects your resistance to hostile enchantments.
   It may slow you when you take damage.
 V - the +4 quarterstaff "Lucoofyk" {flame, Int+4, unknown}
   (You found it on level 1 of the Orcish Mines)

   It has been specially enchanted to burn those struck by it, causing extra
   injury to most foes and up to half again as much damage against particularly
   susceptible opponents.
   It affects your intelligence (+4).
 Y - a +0 broad axe of electrocution
Missiles
 i - 2 throwing nets (quivered)
Armour
 u - the +3 shield of Himoak (worn) {rElec rC+ Dex+4 Slay+2}
   (You found it on level 6 of the Dungeon)

   It affects your dexterity (+4).
   It affects your accuracy and damage with ranged weapons and melee attacks
   (+2).
   It protects you from cold.
   It insulates you from electricity.
 L - the +3 pair of gauntlets of War (worn) {Slay+5}
   (You found it on level 4 of the Snake Pit)

   It affects your accuracy and damage with ranged weapons and melee attacks
   (+5).
 W - the +1 shadow dragon scales "Wufru" (worn) {rElec rCorr Dex+3 Stlth++++}
   (You bought it in a shop on level 2 of the Orcish Mines)

   It affects your dexterity (+3).
   It insulates you from electricity.
   It provides partial protection from all sources of acid and corrosion.
   It makes you much more stealthy.
Jewellery
 j - a ring of protection from fire (left hand)
 z - an uncursed ring of flight
 O - an uncursed ring of fire
 T - a ring of resist corrosion (right hand)
 U - an uncursed ring of poison resistance
Wands
 a - a wand of iceblast (3)
 c - a wand of paralysis (12)
 d - a wand of acid (12)
 l - a wand of random effects (16)
 p - a wand of clouds (13)
 r - a wand of flame (63)
 w - a wand of disintegration (21)
 A - a wand of digging (11)
 B - a wand of polymorph (13)
Scrolls
 b - 3 scrolls of fog
 h - 8 scrolls of remove curse
 n - 13 scrolls of teleportation
 q - 7 scrolls of enchant armour
 s - a scroll of magic mapping
 C - a scroll of amnesia
 J - 2 scrolls of holy word
 N - a scroll of immolation {unknown}
 X - a scroll of noise {unknown}
 Z - a scroll of acquirement {unknown}
Potions
 e - 5 potions of curing
 k - a potion of berserk rage
 m - 4 potions of cancellation
 t - 6 potions of agility
 v - 2 potions of brilliance
 x - 2 potions of mutation
 E - 2 potions of ambrosia
 G - 2 potions of flight
 H - a potion of magic {unknown}
 K - a potion of resistance
 M - a potion of invisibility {unknown}
 Q - a potion of lignification {unknown}
 R - 3 potions of might
Miscellaneous
 y - a phantom mirror
Comestibles
 f - 33 rations


   Skills:
 + Level 13.1 Fighting
 - Level 11.6(13.3) Axes
 + Level 11.2(13.1) Maces & Flails
 + Level 13.1 Armour
 + Level 11.6 Dodging
 + Level 14.9 Shields
 * Level 13.1 Invocations
 + Level 3.9 Evocations


You had 15 spell levels left.
You didn't know any spells.
Your spell library contained the following spells:

 Spells                   Type           Power        Failure   Level  Hunger
 Animate Skeleton         Necr           N/A          90%         1    ##.....
 Apportation              Tloc           #.....       90%         1    ##.....
 Confusing Touch          Hex            #.....       90%         1    ##.....
 Corona                   Hex            #......      90%         1    ##.....
 Infusion                 Chrm           #...         90%         1    ##.....
 Pain                     Necr           #...         90%         1    ##.....
 Summon Small Mammal      Summ           #...         90%         1    ##.....
 Shroud of Golubria       Chrm/Tloc      #.........   97%         2    ###....
 Slow                     Hex            #.......     97%         2    ###....
 Song of Slaying          Chrm           #.......     97%         2    ###....
 Inner Flame              Hex/Fire       #.......     99%         3    ####...
 Portal Projectile        Hex/Tloc       #.....       99%         3    ####...
 Regeneration             Chrm/Necr      #.........   99%         3    ####...
 Spectral Weapon          Hex/Chrm       #.......     99%         3    ####...
 Vampiric Draining        Necr           #.........   99%         3    ####...
 Animate Dead             Necr           N/A          100%        4    #####..
 Cause Fear               Hex            #.........   100%        4    #####..
 Leda's Liquefaction      Hex/Erth       #.........   100%        4    #####..
 Sticky Flame             Conj/Fire      #.......     100%        4    #####..
 Bolt of Magma            Conj/Fire/Erth #.........   100%        5    ######.
 Iskenderun's Battlesphe  Conj/Chrm      #.......     100%        5    ######.
 Venom Bolt               Conj/Pois      #.........   100%        5    ######.
 Freezing Cloud           Conj/Ice/Air   #.........   100%        6    #######
 Iron Shot                Conj/Erth      #.........   100%        6    #######
 Orb of Destruction       Conj           #.........   100%        7    #######
 Ring of Flames           Chrm/Fire      #.........   100%        7    #######
 Spellforged Servitor     Conj/Summ      #.........   100%        7    #######


Dungeon Overview and Level Annotations

Branches:
Dungeon (13/15)            Temple (1/1) D:7            Lair (6/6) D:10
 Shoals (1/4) Lair:3        Snake (4/4) Lair:4          Orc (2/2) D:10
    Elf (0/3) Orc:2
  Slime: Lair:5-6    Vaults: D:13-14

Altars:
Ashenzari
Cheibriados
Dithmenos
Elyvilon
Fedhas
Gozag
Hepliaklqana
Makhleb
Nemelex Xobeh
Okawaru
Ru
Sif Muna
Uskayaw
Vehumet
Wu Jian
Xom
Yredelemnul
Beogh
Jiyva

Shops:
D:5 *   D:6 (   D:12 !   Orc:2 **[[[

Annotations:
D:2 1 runed translucent door, Crazy Yiuf
D:9 2 transporters, catcat's ghost, journeyman TrMo
Lair:4 exclusion: oklob plant
Lair:5 3 runed translucent doors, Ammomm's ghost, journeyman GnWn
Snake:2 Aizul


Innate Abilities, Weirdness & Mutations

You reflexively headbutt those who attack you in melee.
You have a pair of horns on your head.


Message History

The guardian serpent casts a spell.
The black mamba barely misses you. The nagaraja completely misses you.
The mana viper bites you but does no damage.
The naga closely misses you. The anaconda bites your cacodemon!
* * * LOW HITPOINT WARNING * * *
The anaconda constricts you.
Your cacodemon hits the anaconda but does no damage.
Your cacodemon hits the anaconda.
Are you sure you want to stumble around while confused and next to your cacodemon?
Okay, then.
The black mamba bites you but does no damage.
The anaconda bites your cacodemon but does no damage.
The anaconda constricts you. The naga warrior spits poison at you.
The splash of poison misses you.
The splash of poison hits the anaconda!
The sea snake barely misses you.
The nagaraja hits you with a +0 halberd!
* * * LOW HITPOINT WARNING * * *
The black mamba bites you!
You die...

........##....##.........##......
........#*,,,,*#.........##......
#########******###......###...^.#
..################......##....###
....##.....##.................##*
....##.....##................N.#S
....##.....##.................N†S
....##....)))..S2S.§..........N'N
....##.....##..S@SSS.§...S.....'.
....##.....##..NNNS.§..........#.
....###'#########################
.....##.#########################
.).......##.....................#
.))......##......................
...).....##......................
...(.....##......................
...(.....##......................


You could see a naga warrior, a nagaraja, a sea snake, 2 anacondas, a mana
viper, 2 guardian serpents, a black mamba, a naga and a friendly cacodemon.

Vanquished Creatures
  A nagaraja (Snake:2)
  A fire giant (Orc:1)
  Azrael (Orc:1)
  A dire elephant (Lair:6)
  Josephine (Orc:1)
  2 ettins (Orc:1)
  Erolcha (Orc:1)
  12 naga warriors
  2 centaur warriors (D:12)
  A catoblepas (Lair:6)
  5 anacondas
  2 ogre magi
  A queen ant (Lair:3)
  10 two-headed ogres
  A deep troll shaman (Lair:6)
  Urug (Lair:6)
  3 naga sharpshooters
  14 death yaks
  2 shock serpents
  An orc high priest (Orc:1)
  A sea snake (Snake:4)
  A glowing orange brain (Abyss:1)
  2 deep trolls (Orc:1)
  A lindwurm (Lair:6)
  A deep elf archer (Bailey)
  9 deep elf magi
  2 orc knights (Orc:1)
  2 ugly things (IceCv)
  2 mana vipers
  An orc sorcerer (Orc:1)
  2 salamanders (Snake:4)
  14 cyclopes
  4 guardian serpents
  8 naga magi
  15 black mambas
  6 elephants (Lair:6)
  Joseph (D:7)
  A water nymph (Shoals:1)
  11 spiny frogs
  2 gargoyles (D:11)
  2 ice statues (IceCv)
  A rime drake (Lair:3)
  5 komodo dragons
  5 kobold demonologists (D:12)
  An ancient zyme (D:7)
  9 trolls
  2 polar bears
  6 slime creatures
  7 blink frogs
  7 dream sheep (Lair:6)
  7 hippogriffs
  A centaur simulacrum (D:12)
  A ynoxinul (Abyss:1)
  A wyvern (Lair:1)
  6 wraiths
  25 yaks
  2 fire bats (Orc:1)
  6 basilisks
  2 vampire mosquitoes (D:12)
  3 fire elementals (Orc:1)
  4 wargs (Orc:1)
  22 nagas
  18 soldier ants (Lair:3)
  9 porcupines
  2 hell hounds
  6 water moccasins
  4 sky beasts
  22 orc warriors
  2 black bears (Lair:6)
  A necrophage (D:8)
  29 ogres
  A phantom (D:8)
  7 ice beasts
  31 wolves
  5 centaurs
  9 crocodiles
  17 bullfrogs
  A big kobold (D:12)
  2 wyvern zombies
  3 scorpions
  A water moccasin skeleton (D:7)
  3 killer bees (D:12)
  7 wights
  5 electric eels
  A lava snake (Orc:1)
  A howler monkey (D:4)
  2 centaur zombies
  11 crimson imps
  A quasit (D:12)
  3 bullfrog zombies
  A centaur skeleton (D:12)
  31 orc priests
  22 orc wizards
  3 jellies
  A water moccasin simulacrum (D:12)
  4 hounds
  A bullfrog skeleton (D:9)
  3 iguanas
  Natasha (thrice) (D:2)
  30 worker ants
  2 hound zombies
  A mummy (D:8)
  3 worker ant zombies
  16 adders
  4 shadow imps
  14 white imps (D:12)
  2 ufetubi (D:12)
  An adder zombie (D:8)
  2 adder skeletons
  A worm (D:3)
  3 leopard geckos
  86 orcs
  3 giant cockroaches
  4 goblins
  9 hobgoblins
  18 jackals
  3 quokkas
  5 bats
  2 frilled lizards
  9 kobolds
  A leopard gecko zombie (D:5)
  A quokka skeleton (D:7)
  8 rats
775 creatures vanquished.

Vanquished Creatures (collateral kills)
  A nagaraja (Snake:4)
  An elephant (Lair:6)
  A komodo dragon (Lair:6)
  3 orcs (Orc:1)
6 creatures vanquished.

Vanquished Creatures (others)
  A bullfrog (Lair:5)
  An orc wizard (Orc:2)
  3 butterflies (Lair:5)
  4 fungi
  3 plants (Lair:6)
12 creatures vanquished.

Grand Total: 793 creatures vanquished

Notes
Turn   | Place    | Note
-------+----------+-------------------------------------------
     0 | D:1      | Illumine the Minotaur Fighter began the quest for the Orb.
     0 | D:1      | Reached XP level 1. HP: 19/19 MP: 0/0
   238 | D:1      | Reached XP level 2. HP: 26/26 MP: 1/1
   248 | D:1      | Reached skill level 4 in Shields
   467 | D:2      | Found a shadowy altar of Dithmenos.
   501 | D:2      | Reached XP level 3. HP: 27/31 MP: 2/2
   582 | D:2      | Noticed Natasha
   594 | D:2      | Killed Natasha
   745 | D:2      | Noticed Natasha
   756 | D:2      | Killed Natasha
   756 | D:2      | Reached XP level 4. HP: 18/39 MP: 3/3
  1013 | D:2      | Found a runed translucent door.
  1174 | D:2      | Noticed Crazy Yiuf
  1194 | D:2      | Reached skill level 5 in Axes
  1240 | D:2      | Noticed Natasha
  1245 | D:2      | Killed Natasha
  1245 | D:2      | Reached XP level 5. HP: 40/45 MP: 4/4
  1417 | D:3      | Reached skill level 5 in Shields
  1859 | D:3      | Found an ornate altar of the Wu Jian Council.
  1859 | D:3      | Found a shattered altar of Ashenzari.
  1882 | D:3      | Found an iron altar of Okawaru.
  2006 | D:3      | Reached XP level 6. HP: 51/51 MP: 5/5
  2354 | D:4      | Reached skill level 6 in Shields
  2628 | D:4      | Found a hazy altar of Hepliaklqana.
  2798 | D:5      | Entered Level 5 of the Dungeon
  2816 | D:5      | Reached XP level 7. HP: 27/57 MP: 6/6
  2989 | D:5      | Found a deep blue altar of Sif Muna.
  3010 | D:5      | Found Pafu's Practical Paraphernalia.
  3013 | D:5      | Found a blossoming altar of Fedhas.
  3503 | D:6      | Got a dazzling shield
  3514 | D:6      | Identified the +3 shield of Himoak {rElec rC+ Dex+4 Slay+2}
                  | (You found it on level 6 of the Dungeon)
  3531 | D:6      | Reached skill level 7 in Shields
  3575 | D:6      | Reached XP level 8. HP: 59/64 MP: 7/7
  3587 | D:6      | Found Wodd's Antique Weapon Shop.
  3891 | D:6      | Reached skill level 10 in Axes
  3995 | D:6      | Found a sparkling altar of Nemelex Xobeh.
  4167 | D:7      | Reached skill level 8 in Shields
  4174 | D:7      | Reached skill level 1 in Dodging
  4203 | D:7      | Found a hide-covered altar of Uskayaw.
  4255 | D:7      | Noticed Joseph
  4269 | D:7      | Killed Joseph
  4330 | D:7      | Found an opulent altar of Gozag.
  4415 | D:7      | Found a shimmering altar of Xom.
  4416 | D:7      | Found a burning altar of Makhleb.
  4418 | D:7      | Cast into level 1 of the Abyss (crimson imp)
  4454 | Abyss:1  | Noticed an ancient zyme
  4459 | Abyss:1  | Noticed a glowing orange brain
  4468 | Abyss:1  | Killed a glowing orange brain
  4468 | Abyss:1  | Reached skill level 5 in Fighting
  4468 | Abyss:1  | Reached skill level 5 in Armour
  4468 | Abyss:1  | Reached skill level 9 in Shields
  4468 | Abyss:1  | Reached XP level 9. HP: 58/74 MP: 8/8
  4470 | D:7      | Escaped the Abyss
  4476 | D:7      | Killed an ancient zyme
  4481 | D:7      | Became a worshipper of Makhleb the Destroyer
  4889 | D:7      | Found a staircase to the Ecumenical Temple.
  5220 | Temple   | Entered the Ecumenical Temple
  5279 | D:8      | Reached skill level 1 in Invocations
  5333 | D:8      | Reached skill level 10 in Shields
  5633 | D:8      | Found a flagged portal.
  5642 | Bailey   | Entered a bailey
  5650 | Bailey   | Noticed a deep elf mage
  5657 | Bailey   | Killed a deep elf mage
  5657 | Bailey   | Reached XP level 10. HP: 60/83 MP: 9/11
  5774 | Bailey   | Noticed a deep elf mage
  5775 | Bailey   | Noticed a deep elf mage
  5775 | Bailey   | Noticed a deep elf mage
  5775 | Bailey   | Noticed a deep elf mage
  5775 | Bailey   | Noticed a deep elf mage
  5783 | Bailey   | Killed a deep elf mage
  5789 | Bailey   | Killed a deep elf mage
  5793 | Bailey   | Killed a deep elf mage
  5793 | Bailey   | Reached * piety under Makhleb
  5795 | Bailey   | Noticed a deep elf mage
  5797 | Bailey   | Killed a deep elf mage
  5810 | Bailey   | Killed a deep elf mage
  5810 | Bailey   | Reached skill level 5 in Dodging
  5816 | Bailey   | Killed a deep elf mage
  5816 | Bailey   | Reached skill level 5 in Invocations
  6040 | Bailey   | Noticed a deep elf mage
  6050 | Bailey   | Killed a deep elf mage
  6195 | Bailey   | Noticed a deep elf archer
  6218 | Bailey   | Killed a deep elf archer
  6653 | D:6      | Bought a brightly glowing morningstar for 270 gold pieces
  6653 | D:6      | Identified the +8 morningstar of Woluige {crush, rPois}
                  | (You bought it in a shop on level 6 of the Dungeon)
  6712 | D:8      | You fall through a shaft for 3 floors!
  6723 | D:10     | Entered Level 10 of the Dungeon
  6723 | D:10     | Found a staircase to the Orcish Mines.
  6872 | D:9      | Reached XP level 11. HP: 78/92 MP: 14/14
  6961 | D:9      | Found a basalt altar of Yredelemnul.
  7202 | D:9      | Noticed catcat's ghost (journeyman TrMo)
  7209 | D:9      | Found a transporter.
  7232 | D:9      | Found a transporter.
  7473 | D:10     | Reached skill level 1 in Maces & Flails
  7612 | D:10     | Found a staircase to the Lair.
  7616 | D:10     | Reached skill level 11 in Shields
  7629 | D:10     | Reached ** piety under Makhleb
  7926 | Lair:1   | Entered Level 1 of the Lair of Beasts
  7933 | Lair:1   | Found a snail-covered altar of Cheibriados.
  9995 | Lair:3   | Found a staircase to the Shoals.
 10078 | Lair:3   | Noticed a death yak
 10080 | Lair:3   | Noticed a death yak
 10081 | Lair:3   | Noticed a death yak
 10081 | Lair:3   | Noticed a death yak
 10098 | Lair:3   | Killed a death yak
 10099 | Lair:3   | Noticed a death yak
 10100 | Lair:3   | Noticed a death yak
 10101 | Lair:3   | Killed a death yak
 10107 | Lair:3   | Killed a death yak
 10107 | Lair:3   | Reached XP level 12. HP: 78/103 MP: 16/16
 10115 | Lair:3   | Killed a death yak
 10126 | Lair:3   | Killed a death yak
 10132 | Lair:3   | Reached *** piety under Makhleb
 10175 | Lair:3   | Killed a death yak
 10175 | Lair:3   | Reached skill level 5 in Maces & Flails
 10632 | Lair:3   | Reached skill level 12 in Shields
 10845 | Lair:3   | Reached **** piety under Makhleb
 10866 | Lair:3   | Noticed a queen ant
 10873 | Lair:3   | Killed a queen ant
 11016 | Lair:4   | Reached skill level 10 in Armour
 11108 | Lair:4   | Found a staircase to the Snake Pit.
 11403 | Lair:4   | Reached skill level 10 in Fighting
 11688 | Lair:5   | Found a runed translucent gate.
 11689 | Lair:5   | Found a runed translucent gate.
 11690 | Lair:5   | Found a runed translucent gate.
 11692 | Lair:5   | Noticed a death ooze
 11692 | Lair:5   | Noticed a death ooze
 11693 | Lair:5   | Noticed Ammomm's ghost (journeyman GnWn)
 11699 | Lair:5   | Found a viscous altar of Jiyva.
 11848 | Lair:6   | Entered Level 6 of the Lair of Beasts
 11852 | Lair:6   | Reached XP level 13. HP: 113/113 MP: 18/18
 11901 | Lair:6   | HP: 3/113 [death yak (13)]
 12156 | Lair:6   | Noticed Urug
 12172 | Lair:6   | Killed Urug
 12391 | Lair:6   | Noticed a dire elephant
 12401 | Lair:6   | Killed a dire elephant
 12401 | Lair:6   | Reached skill level 13 in Shields
 13052 | Lair:6   | Reached skill level 10 in Invocations
 13408 | Orc:1    | Entered Level 1 of the Orcish Mines
 13410 | Orc:1    | Noticed Erolcha
 13420 | Orc:1    | Killed Erolcha
 13495 | Orc:1    | Reached ***** piety under Makhleb
 13644 | Orc:1    | Found a roughly hewn altar of Beogh.
 13743 | Orc:1    | Noticed an ettin
 13778 | Orc:1    | Noticed Josephine
 13787 | Orc:1    | Killed Josephine
 13787 | Orc:1    | Reached XP level 14. HP: 124/124 MP: 20/20
 14037 | Orc:2    | Entered Level 2 of the Orcish Mines
 14204 | Orc:1    | Reached skill level 10 in Dodging
 14419 | Orc:2    | Noticed Azrael
 14637 | Orc:1    | Killed Azrael
 15516 | Orc:2    | Found a staircase to the Elven Halls.
 15638 | Orc:2    | Found Wiffonewn's General Store.
 15646 | Orc:2    | Found Cisedoj's Assorted Antiques.
 15652 | Orc:2    | Found Meerun's Armour Shoppe.
 15653 | Orc:2    | Found Patis's Antique Armour Shoppe.
 15698 | Orc:2    | Found Miputs's Armour Boutique.
 15703 | Orc:2    | Reached ****** piety under Makhleb
 16253 | Orc:1    | Found a roughly hewn altar of Beogh.
 16768 | Orc:1    | Reached skill level 14 in Shields
 17288 | Orc:1    | Noticed a fire giant
 17299 | Orc:1    | Killed a fire giant
 17303 | Orc:1    | Reached skill level 10 in Maces & Flails
 17338 | Orc:1    | Found the +6 lightning scales {run, rElec}
 17364 | Orc:1    | Got an encrusted hunting sling
 17370 | Orc:1    | Got an iridescent trident
 17383 | Orc:1    | Got a bone quarterstaff
 17502 | Orc:2    | Bought the +1 shadow dragon scales "Wufru" {rElec rCorr
                  | Dex+3 Stlth++++} for 1506 gold pieces
 18061 | D:11     | You fall through a shaft for 2 floors!
 18169 | D:12     | Reached XP level 15. HP: 133/133 MP: 22/22
 18260 | D:12     | Reached skill level 1 in Evocations
 18352 | D:12     | Found a frozen archway.
 18372 | IceCv    | Entered an ice cave
 18399 | IceCv    | Found a transporter.
 18416 | IceCv    | Found a transporter.
 18443 | IceCv    | Identified the Incunabulum of the Scorching Glacier
 18515 | D:12     | Found Ykujy's Distillery.
 19121 | Shoals:1 | Entered Level 1 of the Shoals
 19508 | Snake:1  | Entered Level 1 of the Snake Pit
 19525 | Snake:1  | Found a shimmering altar of Xom.
 19636 | Snake:2  | Noticed a nagaraja
 19648 | Snake:2  | Noticed Aizul
 19655 | Snake:2  | Killed a nagaraja
 20627 | Snake:4  | Entered Level 4 of the Snake Pit
 20679 | Snake:4  | Found a sacrificial altar of Ru.
 21119 | Snake:4  | Found the +3 pair of gauntlets of War {Slay+5}
 21550 | Snake:4  | Reached XP level 16. HP: 143/143 MP: 24/24
 21844 | Snake:4  | HP: 6/143 [nagaraja/+0 halberd (16)]
 21844 | Snake:4  | Slain by a black mamba

Skill      XL: |  1  2  3  4  5  6  7  8  9 10 11 12 13 14 15 16 |
---------------+-------------------------------------------------+-----
Axes           | 3 4 5 6 7 9 10 11 | 11.6
Shields        | 4 5 6 7 9 10 11 12 13 14 | 14.9
Dodging        | 3 4 5 7 8 9 10 11 | 11.6
Fighting       | 5 6 7 8 10 11 12 13 | 13.1
Armour         | 5 6 7 8 10 11 12 13 | 13.1
Invocations    | 3 5 7 9 10 11 12 13 | 13.1
Maces & Flails | 4 6 8 10 11 | 11.2
Evocations     | 3 |  3.9

Action                   |  1- 3 |  4- 6 |  7- 9 | 10-12 | 13-15 | 16-18 || total
-------------------------+-------+-------+-------+-------+-------+-------++-------
Melee: War axe           |    74 |   148 |   187 |    64 |       |       ||   473
       Headbutt          |     9 |    24 |    50 |   116 |   293 |    17 ||   509
       Morningstar       |       |       |       |   446 |  1120 |    55 ||  1621
Invok: Lesser Servant of |       |       |       |       |     9 |     1 ||    10
       Greater Servant o |       |       |       |       |     1 |     1 ||     2
 Abil: Evoke Flight      |       |       |       |       |     1 |       ||     1
Evoke: Wand              |       |       |       |       |     5 |     1 ||     6
  Use: Potion            |       |       |     3 |     1 |     6 |     2 ||    12
       Scroll            |       |       |    12 |     8 |     8 |     2 ||    30
 Stab: Distracted        |       |       |       |       |     4 |       ||     4
       Sleeping          |       |       |       |       |     4 |       ||     4
  Eat: Ration            |       |     1 |     2 |     2 |     6 |       ||    11
       Chunk             |       |     2 |     3 |    14 |    14 |       ||    33
Armor: Scale mail        |    46 |    52 |    28 |     8 |       |       ||   134
       Chain mail        |       |       |       |    93 |   157 |       ||   250
       Plate armour      |       |       |       |       |     5 |       ||     5
       Shadow dragon sca |       |       |       |       |   140 |    26 ||   166
Dodge: Dodged            |    26 |    45 |    49 |   153 |   547 |    56 ||   876
Block: Shield            |    49 |    80 |   136 |   395 |  1163 |    66 ||  1889
